 Dungeon Crawl Stone Soup version 0.21.1-1-g345015f (webtiles) character file.

83 kae the Insei (level 4, -1/33 HPs)
             Began as a Demonspawn Transmuter on June 14, 2018.
             Slain by an iguana (15 damage)
             ... on level 3 of the Dungeon.
             The game lasted 00:01:41 (2528 turns).

kae the Insei (Demonspawn Transmuter)               Turns: 2528, Time: 00:01:42

Health: -1/33      AC:  3    Str: 11    XL:     4   Next: 22%
Magic:  5/7        EV: 13    Int: 14    God:
Gold:   56         SH:  0    Dex: 14    Spells: 4/7 levels left

rFire    . . .     SeeInvis .     - Unarmed
rCold    . . .     Gourm    .   (no shield)
rNeg     . . .     Faith    .   b - +0 robe
rPois    +         Spirit   .   j - +0 helmet
rElec    .         Reflect  .   (no cloak)
rCorr    .         Harm     .   (no gloves)
MR       +....                  (no boots)
Stlth    +++.......             (no amulet)
HPRegen  0.11/turn              l - ring of protection from magic
MPRegen  0.10/turn              n - ring of poison resistance

@: no status effects
A: talons 1, nightstalker 2
a: no special abilities


You were on level 3 of the Dungeon.
You were hungry.

You visited 1 branch of the dungeon, and saw 3 of its levels.

You collected 56 gold pieces.

Inventory:

Missiles
 a - 8 arrows
Armour
 b - a +0 robe (worn)
 j - a +0 helmet (worn)
Jewellery
 l - a ring of protection from magic (left hand)
 n - a ring of poison resistance (right hand)
Scrolls
 e - a scroll of identify
 g - a scroll of enchant armour {unknown}
 h - 2 scrolls of enchant weapon {unknown}
 i - 2 scrolls of immolation {unknown}
 k - a scroll of fear {unknown}
 m - a scroll of remove curse {unknown}
 p - a scroll of random uselessness {unknown}
Potions
 f - 3 potions of cancellation
 o - a potion of resistance {unknown}
Books
 c - a book of Changes

   Spells                             Type                      Level
   a - Beastly Appendage              Transmutation                1
   b - Sticks to Snakes               Transmutation                2
   c - Spider Form                    Transmutation/Poison         3
   d - Ice Form                       Ice/Transmutation            4
   e - Blade Hands                    Transmutation                5
Comestibles
 d - 5 rations


   Skills:
 + Level 1.8 Fighting
 + Level 2.3 Dodging
 * Level 3.4 Unarmed Combat
 + Level 2.4 Spellcasting
 + Level 2.2 Transmutations


You had 4 spell levels left.
You knew the following spells:

 Your Spells              Type           Power        Failure   Level  Hunger
a - Beastly Appendage     Tmut           #.....       9%          1    #......
b - Sticks to Snakes      Tmut           #.......     14%         2    ###....


Dungeon Overview and Level Annotations

Branches:
Dungeon (3/15)

Altars:
Dithmenos
Fedhas
Nemelex Xobeh
Vehumet


Innate Abilities, Weirdness & Mutations

You have sharp toenails.
You are significantly more attuned to the shadows.


Message History

The iguana is lightly wounded.
The iguana barely misses you.
You barely miss the iguana.
The iguana is lightly wounded.
The iguana barely misses you.
You hit the iguana but do no damage. Your kick misses the iguana.
The iguana is lightly wounded.
The iguana bites you!
You are too injured to fight recklessly!
You are too injured to fight recklessly!
You are too injured to fight recklessly!
You are too injured to fight recklessly!
You are too injured to fight recklessly!
You are too injured to fight recklessly!
Casting: Sticks to Snakes
Confirm with . or Enter, or press ? or * to list all spells.
You create a snake!
You now have 8 arrows.
You are feeling hungry.
The iguana bites you!
You die...

#......#.....
####.....+.....
.........#.....
#..........#
#..........#
#........#.#
#.....$#.# #
###(#.####.#.
.....Sl@)....
####...####.#.
....#...#
.........#####.
...............
.........######
.........#
.........#
....†....#


You could see an iguana and a friendly ball python.

Vanquished Creatures
  Natasha (twice) (D:2)
  2 dart slugs
  5 bats
  8 giant cockroaches
  3 goblins
  4 hobgoblins
  2 frilled lizards (D:2)
  2 kobolds
  2 rats (D:2)
30 creatures vanquished.

Vanquished Creatures (collateral kills)
  An adder (D:2)
1 creature vanquished.

Grand Total: 31 creatures vanquished

Notes
Turn   | Place    | Note
-------+----------+-------------------------------------------
     0 | D:1      | kae the Demonspawn Transmuter began the quest for the Orb.
     0 | D:1      | Reached XP level 1. HP: 15/15 MP: 3/3
   708 | D:1      | Gained mutation: You have sharp toenails. [demonic ancestry]
   708 | D:1      | Reached XP level 2. HP: 21/21 MP: 5/5
   944 | D:1      | Reached skill level 3 in Unarmed Combat
  1489 | D:2      | Found a radiant altar of Vehumet.
  1491 | D:2      | Found a blossoming altar of Fedhas.
  1492 | D:2      | Found a shadowy altar of Dithmenos.
  1508 | D:2      | Noticed Natasha
  1536 | D:2      | Learned a level 2 spell: Sticks to Snakes
  1545 | D:2      | Killed Natasha
  1545 | D:2      | Gained mutation: You are slightly more attuned to the shadows. [demonic ancestry]
  1545 | D:2      | Reached XP level 3. HP: 16/26 MP: 1/6
  1812 | D:2      | Noticed Natasha
  1821 | D:2      | Killed Natasha
  1821 | D:2      | Gained mutation: You are significantly more attuned to the shadows. [demonic ancestry]
  1821 | D:2      | Reached XP level 4. HP: 23/33 MP: 4/7
  2187 | D:2      | Found a sparkling altar of Nemelex Xobeh.
  2528 | D:3      | Slain by an iguana

Skill      XL: |  1  2 |
---------------+-------+-----
Dodging        | 2 |  2.3
Unarmed Combat | 3 |  3.4
Transmutations | 2 |  2.2
Fighting       | |  1.8
Spellcasting   | |  2.4

Action                   |  1- 3 |  4- 6 || total
-------------------------+-------+-------++-------
Melee: Unarmed           |    74 |    28 ||   102
       Kick              |    12 |     6 ||    18
       Headbutt          |     5 |       ||     5
       Punch             |     1 |     1 ||     2
 Cast: Beastly Appendage |     9 |       ||     9
       Sticks to Snakes  |     3 |     1 ||     4
  Use: Scroll            |       |     1 ||     1
 Stab: Sleeping          |       |     6 ||     6
  Eat: Chunk             |     3 |     2 ||     5
Armor: Robe              |    13 |     5 ||    18
Dodge: Dodged            |    46 |    17 ||    63
